 Dungeon Crawl Stone Soup version 0.20-a0-256-gabb291d (webtiles) character file.

70 KristoblXynda the Stinger (level 4, 0/33 HPs)
             Began as a Draconian Venom Mage on Dec 1, 2016.
             Slain by Terence
             ... wielding a +2 falchion of electrocution
              (14 damage)
             ... on level 2 of the Dungeon.
             The game lasted 00:04:43 (1564 turns).

KristoblXynda the Stinger (Draconian Venom Mage)    Turns: 1564, Time: 00:04:44

Health: 0/33       AC:  5    Str: 10    XL:     4   Next: 3%
Magic:  3/8        EV: 12    Int: 17    God:
Gold:   26         SH:  0    Dex: 11    Spells: 7/8 levels left

rFire  . . .     SeeInvis .     (no weapon)
rCold  . . .     Gourm    .     (armour unavailable)
rNeg   . . .     Faith    .     (no shield)
rPois  .         Spirit   .     (helmet restricted)
rElec  .         Reflect  .     (no cloak)
rCorr  .         Harm     .     (no gloves)
MR     .....                    (no boots)
Stlth  ++........               (no amulet)
                                (no ring)
                                (no ring)

@: no status effects
A: unfitting armour, cold-blooded, AC +5
a: no special abilities


You were on level 2 of the Dungeon.
You were hungry.

You visited 1 branch of the dungeon, and saw 2 of its levels.

You collected 26 gold pieces.

Inventory:

Scrolls
 c - a scroll of remove curse {unknown}
 d - a scroll of random uselessness {unknown}
 e - 2 scrolls of immolation {unknown}
 h - 3 scrolls of identify {unknown}
 j - a scroll of recharging {unknown}
Potions
 f - a potion of might {unknown}
 i - a potion of heal wounds {unknown}
Books
 a - a Young Poisoner's Handbook

   Spells                             Type                      Level
   a - Sting                          Conjuration/Poison           1
   b - Mephitic Cloud                 Conjuration/Poison/Air       3
   c - Olgreb's Toxic Radiance        Poison                       4
   d - Alistair's Intoxication        Transmutation/Poison         5
   e - Venom Bolt                     Conjuration/Poison           5
Comestibles
 b - a bread ration
 g - 2 slices of pizza


   Skills:
 - Level 1.7 Dodging
 - Level 1.7 Stealth
 + Level 2.6 Spellcasting
 + Level 2.4 Conjurations
 + Level 4.4 Poison Magic


You had 7 spell levels left.
You knew the following spells:

 Your Spells              Type           Power        Failure   Level  Hunger
a - Sting                 Conj/Pois      ##..         4%          1    #......


Dungeon Overview and Level Annotations

Branches:
Dungeon (2/15)

Altars:
Fedhas
Gozag

Annotations:
D:2 Terence


Innate Abilities, Weirdness & Mutations

Your plain brown scales are hard. (AC +5)
You cannot fit into any form of body armour.
You are cold-blooded and may be slowed by cold attacks.


Message History

The sting hits Terence.
Terence appears unharmed.
Casting: Sting
Confirm with . or Enter, or press ? or * to list all spells.
Aiming: Sting
Press: ? - help, Shift-Dir - straight line, f/p - Terence
Aim: Terence, wielding a falchion of electrocution and wearing a scale mail The sting hits Terence.
Terence appears unharmed.
Terence hits you with a falchion of electrocution.
You are electrocuted!
Unknown command.
Casting: Sting
Confirm with . or Enter, or press ? or * to list all spells.
Aiming: Sting
Press: ? - help, Shift-Dir - straight line, f/p - Terence
Aim: Terence, wielding a falchion of electrocution and wearing a scale mail The sting hits Terence.
Terence is lightly wounded.
Terence hits you with a falchion of electrocution.
You are electrocuted!
You die...

.. .# #.# ## ..##
..#. #... .....
#..#####....#.
#.###..#..@@......
#........###.#.##.
#####..#####.#
#........#
.#######.########.#
.........########.#
###.>..........#.#
#.####.#.###.#.# #
###.#.###.#.#


You could see Terence.

Vanquished Creatures
  Ijyb (D:2)
  A gnoll (D:1)
  An ooze (D:1)
  A dart slug (D:1)
  2 leopard geckos (D:1)
  4 bats
  5 goblins (D:1)
  2 hobgoblins (D:1)
  3 jackals (D:1)
  2 kobolds (D:1)
  A frilled lizard (D:1)
  3 rats
26 creatures vanquished.

Notes
Turn   | Place    | Note
-------+----------+-------------------------------------------
     0 | D:1      | KristoblXynda the Draconian Venom Mage began the quest for the Orb.
     0 | D:1      | Reached XP level 1. HP: 14/14 MP: 3/3
    98 | D:1      | Reached skill level 1 in Conjurations
   177 | D:1      | Reached XP level 2. HP: 11/20 MP: 1/5
   457 | D:1      | Reached XP level 3. HP: 26/26 MP: 4/6
  1223 | D:2      | Found an opulent altar of Gozag.
  1223 | D:2      | Noticed Ijyb
  1309 | D:2      | Killed Ijyb
  1309 | D:2      | Reached XP level 4. HP: 12/33 MP: 0/8
  1410 | D:2      | Found a blossoming altar of Fedhas.
  1557 | D:2      | Noticed Terence
  1564 | D:2      | Slain by Terence

Vault maps used:
D:1:      saegor_arrival_simple_b, kennysheep_crisscross
D:2:      grunt_temple_overflow_open, uniq_iyjb, uniq_terence

Skill      XL: |  1  2  3 |
---------------+----------+-----
Conjurations   | 1 2 |  2.4
Dodging        | |  1.7
Stealth        | |  1.7
Spellcasting   | |  2.6
Poison Magic   | |  4.4

Action                   |  1- 3 |  4- 6 || total
-------------------------+-------+-------++-------
Melee: Unarmed           |   160 |     3 ||   163
       Tailslap          |    14 |       ||    14
 Cast: Sting             |    32 |     7 ||    39
  Use: Potion            |     2 |       ||     2
  Eat: Chunk             |     1 |     1 ||     2
Armor: Skin              |    48 |     4 ||    52
Dodge: Dodged            |    85 |     2 ||    87
